Map: Abyssal Reef LE

Players

NOTCHOLIEBRE

  • Race: Terran Terran
  • League: Gold
  • Spawn Location: 11:00

Juxtapose - Winner!

  • Race: Zerg Zerg
  • League: Gold
  • Spawn Location: 5:00

VOD

https://youtu.be/Bonw-72XLgY

Description

I knew something was up when my scouting Drone found my opponent's wall-in lacking a Barracks, and finding two Marines so close to my natural so early sealed it: Marine rush.

I don't see this kind of attack often, and I'm pleased with how I handled it.

Time

  • Played on: Nov. 19, 2017, 6:51 p.m.
  • Length: 6:28
Show
View Real Time Build Order
Export as new Build Order

NOTCHOLIEBRE Terran 

Build Orders:  

Get SALT Encoding   

  12  0:22  Supply Depot  
  12  0:26  SCV  
  13  0:38  SCV  
  14  0:47  Supply Depot  
  14  0:50  Barracks  
  14  1:09  Supply Depot  
  14  1:14  Barracks  
  14  1:22  SCV  
  15  1:38  Barracks  
  15  1:46  Orbital Command  
  15  2:02  Barracks  
  15  2:22  Marine  
  15  2:23  Marine  
  15  2:26  Barracks  
  17  2:49  Marine x4  
  17  2:51  Barracks  
  21  3:06  Marine  
  22  3:14  Marine x3  
  24  3:24  Marine  
  24  3:25  Marine  
  25  3:31  Marine  
  25  3:32  Marine  
  27  3:45  Marine x3  
  27  3:46  Marine  
  31  3:49  Marine  
  31  3:50  Marine  
  33  4:02  Supply Depot  
  33  4:03  Marine x4  
  33  4:07  Marine x2  
  39  4:23  Marine x3  
  29  4:51  Marine x3  
  29  4:52  Marine x3  
  35  5:09  Marine x4  
  35  5:10  Marine x2  
  41  5:27  Marine x5  
  45  5:46  Marine x2  
  47  5:55  Marine  
  47  5:56  Marine x3  
  47  6:03  Marine  
  47  6:04  Marine  
Show
View Real Time Build Order
Export as new Build Order

Juxtapose Zerg - Winner!

Build Orders: Hatch First 

Get SALT Encoding   

  12  0:01  Drone  
  13  0:09  Drone  
  14  0:19  Overlord  
  14  0:38  Drone x2  
  16  0:54  Drone, Hatchery  
  16  1:00  Extractor  
  16  1:01  Drone  
  16  1:16  Spawning Pool  
  15  1:18  Drone  
  16  1:26  Overlord  
  16  1:39  Drone x2  
  18  1:44  Drone  
  19  1:56  Drone  
  20  2:03  Queen  
  20  2:05  Zergling x2  
  20  2:07  Zergling x2  
  24  2:22  Drone, Zergling x2  
  26  2:24  Queen  
  28  2:35  Drone  
  29  2:37  Drone x2  
  31  2:47  Extractor  
  30  2:55  Drone x3  
  31  3:27  Drone x4  
  33  3:39  Spine Crawler  
  33  3:41  Spine Crawler  
  31  3:47  Spine Crawler  
  31  3:48  Queen  
  32  3:49  Queen  
  34  4:02  Roach Warren  
  33  4:05  Drone  
  33  4:06  Drone x2  
  33  4:07  Overlord x3  
  36  4:12  Spine Crawler  
  35  4:21  Drone  
  36  4:25  Queen  
  38  4:34  Zergling x4  
  38  4:35  Zergling x12  
  46  4:53  Roach  
  46  4:54  Roach x2  
  46  4:55  Overlord  
  51  5:13  Overlord x4  
  51  5:16  Roach x2  
  55  5:23  Drone x3  
  55  5:28  Spine Crawler  
  58  5:42  Ravager  
  58  5:44  Ravager  
  58  5:45  Roach  
  58  5:46  Roach x3  
Tags
 
League
GoldGold
Matchup
TvZ
Spawn Locations
Cross Positions
Add a new tag
Caveats
  • Supply blocks, unpowered buildings, or Contaminate may cause inaccurate times.
  • Supply counts are checked every 10 seconds.